[Event "Early-Titled-Tuesday-Blitz-February-20-2024"]
[Site "Chess.com"]
[Date "2024.02.20"]
[Round "3"]
[White "Evgeny81"]
[Black "BogdanDeac"]
[Result "0-1"]
[WhiteElo "2763"]
[BlackElo "3047"]
[TimeControl "180+1"]
[EndTime "8:30:50 PST"]
[Termination "BogdanDeac won by resignation"]

1. c4 e6 2. g3 d5 3. Bg2 Nf6 4. Nf3 Be7 5. O-O O-O 6. d4 dxc4 7. Qc2 b6 8. Qxc4 Bb7 9. Qc2 Nc6 10. Rd1 Nb4 11. Qa4 Bc6 12. Qb3 Bd5 13. Qa4 b5 14.
Qxb5 Nc2 15. Nc3 Nxa1 16. Qd3 Rb8 17. e4 Ba8 18. Ne1 Qd7 19. Qb1 Nb3 20. axb3 Rxb3 21. Qa2 Rbb8 22. Qxa7 Bb4 23. f3 c5 24. Qxd7 Nxd7 25.
Nc2 cxd4 26. Nxd4 Bc5 27. Kf1 Rfd8 28. Bg5 Nf6 29. Nde2 Rdc8 30. Rd2 Bb7 31. Nc1 Ba6+ 32. Ke1 Rb7 33. Bf1 Bxf1 34. Kxf1 Nd7 35. Ke2 Ne5 36.
Rc2 Bd4 37. Bd2 h6 38. Nd3 Nxd3 39. Kxd3 Rd8 40. Ke2 Rdb8 41. Bc1 Rb3 42. Kd3 Bf6 43. f4 h5 44. e5 Be7 45. Ke2 R8b4 46. Nd1 h4 47. Ne3 hxg3 48. hxg3 Rb8 49. Kf3 R3b4 50. Ke2 R4b5 51. Rc7 Bc5 52. Rd7 R5b7 53. Rd3 Rb3 54.
Rd7 Bxe3 55. Bxe3 Rxb2+ 56. Kf3 R8b3 57. Rd1 Ra2 58. Rd8+ Kh7 59. Rd1 Kg6 60. g4 Raa3 61. Re1 Rc3 62. Ke4 Ra4+ 63. Kf3 f6 64. exf6 gxf6 65. Rd1 Raa3 66. Re1 f5 67. gxf5+ Kxf5 68. Re2 Rcb3 69. Re1 Rb4 70. Kg2 Re4 71. Kf2 Ra2+ 72. Kf3 Ra3 73. Kf2 Rb3 74. Re2 Rc3 75. Re1 Rb4 76.
Re2 Ra4 77. Re1 Rac4 78. Kg2 Kg4 79. Kf2 Rc2+ 80. Re2 R4c3 81. Rxc2 Rxc2+ 82. Ke1 Kf3 83. Ba7 Re2+ 84. Kd1 Re4 85. Bb6 Rxf4 86. Kd2 Re4 87. Kd3 Rb4 88. Ba7 Rb5 89. Kd2 Rd5+ 90. Ke1 e5 91. Bb6 e4 0-1

[Event "Early-Titled-Tuesday-Blitz-February-20-2024"]
[Site "Chess.com"]
[Date "2024.02.20"]
[Round "3"]
[White "CFN_Good_Evening"]
[Black "BardArtem"]
[Result "1/2-1/2"]
[WhiteElo "2216"]
[BlackElo "2776"]
[TimeControl "180+1"]
[EndTime "8:30:55 PST"]
[Termination "Game drawn by repetition"]

1. e4 e5 2. Nf3 Nc6 3. Bb5 Nge7 4. O-O Ng6 5. c3 d5 6. d4 dxe4 7. Bxc6+ bxc6 8. Nxe5 Bd6 9. f4 exf3 10. Nxf3 O-O 11. Bg5 f6 12. Bd2 Rb8 13. Qc2 Ba6 14. Re1 c5 15.
Be3 cxd4 16. Bxd4 Bb7 17. Nbd2 Qd7 18. Bxa7 Ra8 19. Qb3+ Bd5 20. Qxd5+ Kh8 21. Qb7 Nf4 22.
Be3 Nd3 23. Qe4 Nxe1 24. Rxe1 Rxa2 25. Nc4 Re8 26. Qb1 Raa8 27. Nxd6 Qxd6 28. Bd4 c5 29. Bf2 Qd5 30. b4 cxb4 31. cxb4 Rxe1+ 32. Qxe1 h6 33. h3 Rb8 34. Bc5 Rd8 35. Kh2 Qc6 36. Qg3 Qd5 37. Nh4 Qc4 38. Ng6+ Kh7 39. Nf8+ Kg8 40. Ng6 Kh7 41.
Ne7 Qd3 42. Qxd3+ Rxd3 43. b5 Rb3 44. b6 g5 45. Bd4 Kg7 46. Nd5 Rd3 47. Bxf6+ Kf7 48.
b7 Rb3 49. Be5 Rxb7 50. Ne3 Ke6 51. Bg3 Kf7 52. Ng4 Kg6 53. Ne5+ Kf5 54. Nf3 h5 55. h4 gxh4 56. Nxh4+ Kg4 57. Nf3 Kf5 58. Kh3 Kg6 59. Nh4+ Kg5 60. Bf2 Rb3+ 61. g3 Rb1 62. Be3+ Kf6 63.
Bf4 Rh1+ 64. Kg2 Rb1 65. Nf3 Kf5 66. Kh3 Rb7 67. Kh4 Rh7 68. Ng5 Rh8 69. Nf7 Rh7 70. Nd6+ Ke6 71. Ne4 Kf5 72. Ng5 Rh8 73. Nf3 Rh7 74.
Nd4+ Kg6 75. Bg5 Rb7 76. Bf4 Rb1 77. Kh3 Rh1+ 78. Kg2 Rd1 79. Nf3 Rb1 80. Be3 Rb2+ 81. Kh3 Rb1 82. Nh4+ Kf6 83. Bf4 Ke6 84. Ng2 Kf6 85.
Be3 Kg6 86. Nf4+ Kg5 87. Ng2+ Kg6 88. Nh4+ Kf6 1/2-1/2

[Event "Early-Titled-Tuesday-Blitz-February-20-2024"]
[Site "Chess.com"]
[Date "2024.02.20"]
[Round "3"]
[White "LyonBeast"]
[Black "CSB7"]
[Result "1-0"]
[WhiteElo "3186"]
[BlackElo "2779"]
[TimeControl "180+1"]
[EndTime "8:30:57 PST"]
[Termination "LyonBeast won by resignation"]

1. e4 e5 2. Nf3 Nc6 3. Bb5 Nf6 4. O-O Nxe4 5. Re1 Nd6 6. Nxe5 Be7 7. Bf1 Nxe5 8. Rxe5 O-O 9. d4 Bf6 10. Re2 Nc4 11.
b3 Nb6 12. Qd3 d5 13. Bf4 Bg4 14. Re1 Bh5 15. c3 Qd7 16. Nd2 Rae8 17. Qg3 c6 18. Be5 Bxe5 19. dxe5 f6 20. exf6 Rxf6 21. Bd3 Bg6 22.
Bxg6 Rxg6 23. Qd3 Rge6 24. Rxe6 Qxe6 25. Nf3 Nc8 26. h4 Nd6 27. Re1 Qh6 28. Rxe8+ Nxe8 29. Qf5 Qf6 30. Qc8 Qe7 31. h5 h6 32. g3 Kh7 33. Qf5+ Kg8 34. Qc8 Kh7 35. Qf5+ Kg8 36. Nd4 Nf6 37. Ne6 Nxh5 38. c4 dxc4 39. bxc4 Nf6 40.
Kh2 Qd7 41. Qh3 Qd2 42. Qf5 Qxa2 43. c5 Qd5 44. Qh3 Qe5 45. Nf4 Qd4 46. Qe6+ Kh7 47. Qf5+ Kg8 48. Kg1 Qd7 49. Qe5 Qf7 50. Qb8+ Kh7 51.
Qxa7 Nd5 52. Nd3 Qf5 53. Ne1 Qe4 54. Qa5 Nf6 55. Qd2 Qd5 56. Qc2+ Qe4 57. Qc3 Nd5 58. Qd2 Qe6 59. Nf3 Kg8 60. Qd3 Qf6 61.
Kg2 Qe7 62. Qd4 Qf6 63. Qa4 Qf7 64. Qa8+ Kh7 65. Qc8 Nf6 66. Ne5 Qd5+ 67. Nf3 Ne4 68. Kh2 Nxc5 69. Nh4 Qe6 70. Qf8 Qf6 71. Qxc5 g6 72.
Ng2 g5 73. Qc2+ Kg7 74. Ne3 c5 75. Nf5+ Kg8 76. g4 Qe5+ 77. Kg2 Qd5+ 78. f3 Qe5 79. Nxh6+ Kf8 80. Nf5 Ke8 81. Qd2 b5 82. Nd6+ Kf8 83.
Nxb5 c4 84. Nc3 Qc5 85. Ne4 Qe5 86. Qc3 Qd5 87. Qh8+ Ke7 88. Qg7+ Kd8 89. Qxg5+ Qxg5 90. Nxg5 c3 91. Ne6+ Ke7 92. Nd4 1-0

[Event "Early-Titled-Tuesday-Blitz-February-20-2024"]
[Site "Chess.com"]
[Date "2024.02.20"]
[Round "3"]
[White "ProChessWICTH"]
[Black "lasRojas"]
[Result "0-1"]
[WhiteElo "2501"]
[BlackElo "2303"]
[TimeControl "180+1"]
[EndTime "8:30:58 PST"]
[Termination "lasRojas won by resignation"]

1. e4 c5 2. Nf3 e6 3. c3 Nf6 4.
e5 Nd5 5. d4 cxd4 6. cxd4 b6 7. Nc3 Bb7 8. Bd3 Bb4 9. Bd2 Nc6 10.
O-O Nce7 11. Ne4 Nf5 12. g4 Bxd2 13. Nfxd2 Nf4 14. gxf5 exf5 15. Qf3 fxe4 16. Qxf4 exd3 17. Nc4 O-O 18. Nd6 Bd5 19. Rfd1 f6 20. Rxd3 fxe5 21.
Qxe5 Be6 22. Rg3 Qe7 23. Re1 Qf6 24. Qxf6 Rxf6 25. Kf1 Raf8 26. Re2 Rf4 27. Rd2 Rh4 28. Ke1 Rxh2 29. d5 Rh1+ 30. Ke2 Bf7 31. Nxf7 Rxf7 32. Rc3 Re7+ 33. Kd3 Rh3+ 34. Kc2 Rxc3+ 35. Kxc3 d6 36. Kd4 Kf7 37. Rc2 Ke8 38. Rc8+ Kf7 39. Rd8 Re2 40. Rxd6 Rxb2 41. Rd7+ Kf6 42. Rxa7 Rxf2 43.
Ra6 Rd2+ 44. Kc4 Kf7 45. Rxb6 Rxa2 46. d6 Ra7 47. Kd5 h5 48. Kc6 h4 49. Rb4 Ra6+ 50.
Kc7 Ke6 51. Re4+ Kd5 52. d7 Ra7+ 53. Kc8 Rxd7 54. Rxh4 Rf7 55. Rg4 Ke5 56. Kd8 Kf5 57. Rg1 g5 58. Ke8 Rf6 59. Ke7 Ra6 60. Rf1+ Kg4 61. Rg1+ Kf4 62. Rf1+ Kg4 63. Rg1+ Kf5 64. Rf1+ Kg6 65. Rg1 Rb6 66. Rg2 Rb4 67. Ke6 Re4+ 68. Kd6 Re8 69. Kd5 Kf5 70. Rf2+ Kg4 71. Rf1 Kg3 72.
Rg1+ Kf4 73. Rf1+ Kg4 74. Rg1+ Kf5 75. Kd4 g4 76. Rf1+ Kg5 77. Ra1 g3 78. Ra7 Kf4 79.
Rf7+ Kg4 80. Rg7+ Kf3 81. Kd3 g2 82. Rf7+ Kg3 83. Rg7+ Kf2 84. Rf7+ Kg1 85. Kd2 Kh2 86. Rh7+ Kg3 87. Rg7+ Kf2 88. Rf7+ Kg1 89. Rh7 Re4 90. Kd1 Kf2 91. Rf7+ Kg3 92. Rg7+ Rg4 93. Rxg4+ Kxg4 0-1

[Event "Early-Titled-Tuesday-Blitz-February-20-2024"]
[Site "Chess.com"]
[Date "2024.02.20"]
[Round "3"]
[White "kpio91"]
[Black "Ali_rastbod"]
[Result "1/2-1/2"]
[WhiteElo "2891"]
[BlackElo "2695"]
[TimeControl "180+1"]
[EndTime "8:30:59 PST"]
[Termination "Game drawn by repetition"]

1. d4 Nf6 2. Bg5 d5 3. Nd2 c5 4. e3 cxd4 5. exd4 Nc6 6. c3 Qb6 7. Qb3 h6 8. Bf4 Bf5 9. Ngf3 e6 10. h3 Be7 11. Be2 O-O 12. O-O Rac8 13. Rfc1 Ne4 14. Nxe4 Bxe4 15. Ne1 Na5 16. Qxb6 axb6 17. Bd3 Nc4 18.
Bxe4 dxe4 19. b3 Na3 20. c4 Rfd8 21. Rd1 Bf6 22. Be3 b5 23. c5 b4 24. Rac1 Rd5 25.
Nc2 Nxc2 26. Rxc2 e5 27. Rcd2 exd4 28. Bxd4 Rcd8 29. Be3 Rd3 30. Kf1 Bc3 31. Rxd3 exd3 32. Bd2 f5 33. a4 Kf7 34. Be3 g5 35. g3 Ke6 36. f4 g4 37. h4 Rd5 38. Kf2 Kd7 39.
Rb1 Kc6 40. Rd1 h5 41. Kf1 Rd8 42.
Kf2 Rd7 43. Kf1 Kc7 44. Kf2 Kd8 45.
Kf1 Ke7 46. Kf2 Ke6 47. Kg1 d2 48. Kf2 Kd5 49. Bxd2 Kc6 50. Ke2 Bxd2 51. Rxd2 Re7+ 52. Kd3 Kxc5 53. Rc2+ Kd5 54. Rc4 Re1 55. Rxb4 Rd1+ 56. Ke3 Rg1 57. Rb5+ Ke6 58. Kf2 Rc1 59. Rxb7 Kd5 60.
Rb5+ Kd4 61. a5 Rc2+ 62. Kf1 Ke3 63. a6 Ra2 64. b4 Ra1+ 65. Kg2 Ra2+ 66. Kg1 Rxa6 67.
Rxf5 Kf3 68. Rxh5 Ra1+ 69. Kh2 Ra2+ 70. Kg1 Kxg3 71. Kf1 Kf3 72. Ke1 g3 73. Rg5 g2 74.
b5 Ra1+ 75. Kd2 g1=Q 76. Rxg1 Rxg1 77. Kd3 Rb1 78. Kc4 Ke4 79. Kc5 Rc1+ 80. Kd6 Rd1+ 81.
Kc6 Kf5 82. b6 Ke6 83. b7 Rc1+ 84.
Kb6 Rb1+ 85. Kc7 Rc1+ 86. Kd8 Rd1+ 87. Kc8 Rc1+ 88. Kd8 Rd1+ 89. Kc8 Rc1+ 90. Kd8 1/2-1/2

[Event "Early-Titled-Tuesday-Blitz-February-20-2024"]
[Site "Chess.com"]
[Date "2024.02.20"]
[Round "3"]
[White "N_I_Chess"]
[Black "Goryachkina"]
[Result "0-1"]
[WhiteElo "2295"]
[BlackElo "2707"]
[TimeControl "180+1"]
[EndTime "8:31:02 PST"]
[Termination "Goryachkina won by resignation"]

1. d4 Nf6 2. c4 e6 3. Nc3 Bb4 4. Nf3 O-O 5. e3 d5 6. cxd5 exd5 7. Bd3 a6 8. h3 Re8 9. O-O Bd6 10. a3 Nbd7 11.
b4 c6 12. Qc2 Qe7 13. Na4 Ne4 14. Nc5 Ndf6 15. Bb2 Bf5 16. Rfe1 Bg6 17. Nh4 Rad8 18. Nxg6 hxg6 19. a4 Bb8 20. Nxe4 Nxe4 21. Bxe4 dxe4 22.
Qe2 Rd5 23. b5 axb5 24. axb5 Rxb5 25. Ba3 Qc7 26. g3 Qd7 27. Kh2 Rh5 28. Qf1 g5 29.
Qg2 g4 30. h4 Rxh4+ 31. Kg1 Rh3 32. Kf1 Qd5 33. Rac1 Qb5+ 34. Kg1 Re6 35. Rc5 Qa6 36.
Bc1 Reh6 37. Rg5 Rh1+ 38. Qxh1 Rxh1+ 39. Kxh1 Qa2 40. Kg1 Qe6 41. Rc5 Bd6 42. Rc2 Qd5 43. Bd2 c5 44. Rec1 cxd4 45. Rc8+ Kh7 46. exd4 Qxd4 47.
Be3 Qd3 48. Rd8 Qa3 49. Rd1 Be7 50. R8d7 Kg6 51. Kg2 Bf6 52. Rb1 Qa2 53. Rbxb7 Qe6 54.
Rdc7 Qd5 55. Rd7 Qe6 56. Rdc7 Be5 57. Rd7 Qf5 58. Re7 Bd6 59. Rxf7 Qxf7 60. Rxf7 Kxf7 61. Kf1 Ke6 62. Ke2 g6 63. Kd2 Kd5 64. Kc3 Be5+ 65. Kd2 Kc4 66. Kc2 Bc3 67. Bf4 Bb4 68. Be3 Be1 69.
Kd1 Bc3 70. Kc2 Bd4 71. Kd2 Kd5 72. Ke2 Bxe3 73. Kxe3 Ke5 74. Ke2 Kd4 75. Kd2 e3+ 76. fxe3+ Ke4 77. Ke2 g5 78. Kf2 Kd3 79. Kf1 Kxe3 80.
Kg2 Ke2 81. Kg1 Kf3 82. Kh2 Kf2 83. Kh1 Kxg3 84. Kg1 Kf3 85. Kf1 g3 86. Kg1 g2 87.
Kh2 Kf2 88. Kh3 g4+ 0-1

[Event "Early-Titled-Tuesday-Blitz-February-20-2024"]
[Site "Chess.com"]
[Date "2024.02.20"]
[Round "3"]
[White "Anton_Demchenko"]
[Black "CaspiIsrael"]
[Result "1/2-1/2"]
[WhiteElo "2909"]
[BlackElo "2717"]
[TimeControl "180+1"]
[EndTime "8:31:10 PST"]
[Termination "Game drawn by repetition"]

1. e4 e5 2. Nf3 Nf6 3. Nxe5 d6 4. Nf3 Nxe4 5. Bd3 d5 6. O-O Be7 7. Re1 Nd6 8. Bf1 O-O 9. Nc3 c6 10. Ne2 Nd7 11. Ng3 Nf6 12. d3 h6 13. Bf4 Re8 14.
c3 Nf5 15. Qb3 Qb6 16. Qc2 Nxg3 17. Bxg3 Bg4 18. Ne5 Bf5 19. h3 Qd8 20. Qb3 Qb6 21. Qc2 Qd8 22. Re2 Bd6 23. Rae1 Qc7 24. Bh2 Re7 25.
Nf3 Bxh2+ 26. Nxh2 Rae8 27. Nf3 Rxe2 28. Rxe2 Rxe2 29.
Qxe2 Kf8 30. Qe3 Qb6 31. Qf4 Be6 32. b4 Qd8 33. a4 a6 34. a5 Ne8 35. Nd4 Qd6 36.
Qe3 Bd7 37. Nb3 Nc7 38. Nc5 Bc8 39. d4 Ne6 40. Nd3 f6 41. Be2 Nc7 42. f3 Kf7 43.
Kf2 h5 44. Nc5 h4 45. Kf1 Qh2 46. Qf2 Qh1+ 47. Qg1 Qxg1+ 48. Kxg1 g5 49. Kf2 Ne6 50. Bd3 Nxc5 51. bxc5 Be6 52. Ke3 f5 53. f4 Kf6 54.
Be2 Bf7 55. Bd1 Bg6 56. Bf3 Bf7 57. Be2 Kg6 58. Kf3 Kf6 59. Ke3 Kg6 60. Bf1 Kf6 61. Bd3 g4 62. Be2 Be6 63. Bd1 Kg6 64. Bc2 Kf6 65.
Bb1 g3 66. Bd3 Bf7 67. Be2 Ke6 68. Bf3 Kf6 69. Kd3 Be6 70. Kc2 Kg7 71. Kb3 Kf6 72. Kb4 Bf7 73. Be2 Ke7 74. Ka3 Kf6 75. Kb2 Kg7 76. Kc1 Kh6 77. Kc2 Bh5 78. Kd2 Bxe2 79.
Kxe2 Kg6 80. Kd3 Kf6 81. Kc2 Ke6 82. Kb3 Ke7 83. Kb4 Ke6 84. c4 Kd7 85. Kc3 Ke6 86.
Kd3 Ke7 87. Kc3 Ke6 88. Kb3 Ke7 89. Kb4 dxc4 90. Kxc4 Ke6 91. Kc3 Kf6 92. Kd3 Ke7 93.
Kc3 Kd7 94. Kc4 Ke6 95. Kc3 Ke7 96. Kd3 Kd7 97. Kc2 Ke6 98. Kc3 1/2-1/2

[Event "Early-Titled-Tuesday-Blitz-February-20-2024"]
[Site "Chess.com"]
[Date "2024.02.20"]
[Round "3"]
[White "Andrei_Skvortsov"]
[Black "Genghis_K"]
[Result "0-1"]
[WhiteElo "2714"]
[BlackElo "2926"]
[TimeControl "180+1"]
[EndTime "8:31:18 PST"]
[Termination "Genghis_K won by resignation"]

1. e4 c5 2. d4 cxd4 3. Qxd4 Nc6 4. Qd3 Nf6 5. Nc3 e6 6. Bf4 Bb4 7. Ne2 O-O 8. O-O-O Qa5 9. a3 Be7 10. f3 a6 11. Bd6 b5 12. Bxe7 Nxe7 13. Nd4 Bb7 14. Nb3 Qb6 15. Qd4 Qc7 16. Qd6 Qxd6 17. Rxd6 Rfd8 18.
Na5 Bc8 19. Be2 Ne8 20. Rd4 d6 21. Rhd1 Kf8 22. Na2 e5 23. R4d2 f5 24. Nb4 fxe4 25. fxe4 Rd7 26. Rd3 Rc7 27. Rg3 Be6 28. Rf1+ Kg8 29.
Rff3 Rac8 30. Rd3 Ng6 31. Bd1 Nf4 32. Rd2 Nf6 33. Re3 Ne8 34. g3 Nh3 35. Be2 h6 36. Nxa6 Rf7 37. Bxb5 Ng5 38. b3 Nf3 39. Rf2 Nd4 40.
Rxf7 Kxf7 41. Bd3 Bxb3 42. Re1 Bxc2 43. Rf1+ Ke7 44. Bc4 Bxe4 45. Rf7+ Kd8 46. Kd2 Ba8 47. Bd3 d5 48. Ra7 Nd6 49. Rxg7 e4 50. Bf1 Nf3+ 51.
Ke3 d4+ 52. Kf4 d3 53. Nb3 d2 54. Be2 Bd5 55. Bxf3 exf3 56. Nxd2 f2 57. Ke3 Nf5+ 58. Kxf2 Nxg7 59. Nb4 Bb7 60. Ke3 Ne6 61. Kd3 Ra8 62. Nc4 Ra7 63. Kc3 Nc7 64. Kb2 Nb5 65. Ne5 Ra8 66.
Nf7+ Ke7 67. Nxh6 Nxa3 68. Nf5+ Kf6 69. Nd6 Bg2 70. h3 Bxh3 71. Kc3 Bf1 72. Ne4+ Kf5 73. Nd6+ Kg6 74. g4 Nb5+ 75. Nxb5 Bxb5 76. Nd5 Rc8+ 77. Kd4 Kg5 78. Ne7 Rd8+ 79. Ke5 Re8 80. Kd6 Kxg4 81.
Nd5 Rd8+ 82. Ke5 Ba6 83. Nf6+ Kf3 84. Nd5 Bb7 85. Nf6 Ra8 86. Nd7 Bc6 87. Nf6 Ra5+ 88.
Kd6 Ra6 89. Ke5 Ba8 90. Nd7 Ra5+ 91. Ke6 Ke4 92. Nf6+ Kd4 93. Nd7 Ra6+ 94. Kf5 Be4+ 95. Kf4 Rd6 96. Nb8 Rf6+ 97. Kg5 Rd6 98. Kf4 Bd3 99. Kg5 Kc5 100. Kf4 Kb6 101. Na6 Kxa6 0-1

[Event "Early-Titled-Tuesday-Blitz-February-20-2024"]
[Site "Chess.com"]
[Date "2024.02.20"]
[Round "3"]
[White "MatthewG-p4p"]
[Black "Egor_Koshulyan"]
[Result "1-0"]
[WhiteElo "2880"]
[BlackElo "2629"]
[TimeControl "180+1"]
[EndTime "8:31:23 PST"]
[Termination "MatthewG-p4p won by checkmate"]

1. f4 d5 2. Nf3 Nf6 3. g3 g6 4. Bg2 Bg7 5. O-O O-O 6. d3 c5 7. Ne5 Ng4 8. Nxg4 Bxg4 9. h3 Be6 10. e4 dxe4 11. dxe4 Bc4 12. Re1 Nc6 13. e5 Nd4 14.
Be3 Ne2+ 15. Kf2 Nd4 16. Na3 Be6 17. c3 Nf5 18. Bxc5 Qc7 19. Be3 Nxe3 20. Rxe3 Qb6 21. Qe2 Rad8 22. Kg1 Rd7 23. Qf2 Rfd8 24. Re2 Qa5 25.
g4 Bd5 26. Bxd5 Qxd5 27. Rae1 b6 28. f5 Qxa2 29. e6 fxe6 30. fxe6 Rd3 31. Qf7+ Kh8 32. Qxe7 Qd5 33. Qh4 g5 34. Qf2 Rxh3 35. Qg2 Qd3 36. Rf2 Rg3 37. e7 Re8 38. Nc2 Rxg2+ 39.
Kxg2 Qd5+ 40. Kg1 Qc5 41. b4 Qxc3 42. Re3 Qc6 43. Rfe2 Qd5 44. Kh2 Qc4 45. Kh3 Qf4 46. Ne1 Qf1+ 47. Ng2 Qh1+ 48. Kg3 Bf6 49. Re6 Qh6 50.
R2e4 Qg7 51. Ne3 Bxe7 52. Nf5 Qc3+ 53. Re3 Qxb4 54. Kh3 a5 55. Nxe7 Kg7 56. Nf5+ Kf7 57. Rxe8 h5 58. R8e7+ Kg8 59. Rg7+ Kf8 60. Rxg5 hxg4+ 61.
Rxg4 Qc5 62. Rf3 Ke8 63. Re4+ Kd7 64. Rd3+ Kc6 65. Re6+ Kb7 66. Nd6+ Ka6 67. Ree3 Qh5+ 68. Kg3 Qg5+ 69. Kf3 Qf6+ 70. Ke2 Qb2+ 71. Rd2 Qh8 72. Nc4 Qh2+ 73. Kd3 Qh7+ 74. Kc3 Qg7+ 75. Kb3 Qf8 76. Rc3 Qb4+ 77. Kc2 a4 78. Rd6 Ka7 79. Rxb6 Qc5 80.
Rb2 Qf5+ 81. Kc1 Qf1+ 82. Kc2 Qf5+ 83. Rd3 Qf2+ 84. Kc3 Qf6+ 85. Kb4 Qc6 86. Ra2 Qb7+ 87. Kxa4 Qc6+ 88. Kb4+ Kb8 89. Ra5 Qh1 90. Rc5 Qb1+ 91. Rb3 Qe1+ 92. Ka4+ Ka7 93. Ra5+ Qxa5+ 94. Kxa5 Ka8 95.
Rb6 Ka7 96. Kb5 Ka8 97. Kc6 Ka7 98. Kc7 Ka8 99. Ra6# 1-0

[Event "Early-Titled-Tuesday-Blitz-February-20-2024"]
[Site "Chess.com"]
[Date "2024.02.20"]
[Round "3"]
[White "Chessbard1972"]
[Black "Aslanov_Umid"]
[Result "0-1"]
[WhiteElo "2460"]
[BlackElo "2670"]
[TimeControl "180+1"]
[EndTime "8:31:39 PST"]
[Termination "Aslanov_Umid won on time"]

1. e4 c5 2. Nc3 d6 3. f4 g6 4. Nf3 Bg7 5. Bc4 Nc6 6. d3 e6 7.
a3 Nge7 8. O-O O-O 9. Kh1 Rb8 10.
f5 exf5 11. Ng5 Ne5 12. Ba2 h6 13. Nf3 N7c6 14. Nd5 Be6 15. Nxe5 Nxe5 16. exf5 Bxf5 17. Rxf5 gxf5 18. Qh5 Ng4 19. h3 Nf6 20. Qxf5 Nxd5 21. Qxd5 Qf6 22. Bd2 Qxb2 23. Rf1 Qe5 24. Qf3 Rbe8 25. Bxf7+ Kh8 26. Bf4 Rxf7 27. Bxe5 Rxf3 28. Bxg7+ Kxg7 29. Rxf3 Re2 30. c4 Ra2 31. Rf5 Rxa3 32. Rd5 Ra6 33. g4 Rb6 34. Kg2 a5 35. d4 Rb2+ 36.
Kg3 Rd2 37. Rxd6 Rxd4 38. Rb6 Rxc4 39. Rxb7+ Kf6 40. Rb6+ Kg7 41. Ra6 a4 42. Kh4 Rb4 43. Kh5 c4 44. Rxh6 Rb5+ 45. g5 c3 46. Rc6 Rb3 47.
Rc7+ Kg8 48. Kh6 a3 49. g6 Rb8 50. Rxc3 Ra8 51. Rc1 a2 52. Ra1 Ra5 53. h4 Kh8 54. h5 Kg8 55. Rc1 Ra8 56. Ra1 Ra5 57. g7 Ra6+ 58.
Kg5 Kxg7 59. h6+ Kh7 60. Kf4 Kxh6 61. Ke3 Kg5 62. Kd2 Kf4 63. Kc2 Ke3 64. Kb2 Kd2 65. Rxa2 Rb6+ 66. Ka1+ Kc1 67. Ra4 Rb1+ 68. Ka2 Rb2+ 69.
Ka3 Rc2 70. Kb3 Kb1 71. Rc4 Rb2+ 72. Kc3 Ra2 73. Kd4 Kb2 74. Kd5 Kb3 75. Rc5 Rd2+ 76.
Kc6 Re2 77. Rb5+ Kc3 78. Rc5+ Kd4 79. Rd5+ Kc4 80. Rc5+ Kd4 81. Rd5+ Ke4 82. Rc5 Rd2 83. Kc7 Kd4 84. Kc6 Ra2 85. Rc1 Ra6+ 86. Kb5 Ra8 87. Rd1+ Kc3 88. Kc5 Ra5+ 89. Kd6 Kc4 90. Rc1+ Kd4 91.
Rd1+ Ke4 92. Re1+ Kd3 93. Rd1+ Ke2 94. Rd5 Ra6+ 95. Ke5 Ke3 96. Rc5 Rh6 97. Kd5 Rh5+ 98. Kc4 Rh6 99. Rd5 Ke4 100. Rd1 Rc6+ 101. Kb5 Rc2 102. Kb4 Rb2+ 103. Kc3 Rb8 104. Re1+ Kd5 105. Kd3 Rb3+ 106. Kc2 Rh3 107. Rd1+ Kc4 108. Rd2 Rg3 109. Rf2 Ra3 110. Rf4+ Kd5 111. Kb2 Re3 112. Rh4 Ke5 113. Kc2 Rg3 114. Kd2 Rg2+ 0-1

[Event "Early-Titled-Tuesday-Blitz-February-20-2024"]
[Site "Chess.com"]
[Date "2024.02.20"]
[Round "3"]
[White "JonaszBaum"]
[Black "Hovik_Hayrapetyan"]
[Result "1-0"]
[WhiteElo "2691"]
[BlackElo "2878"]
[TimeControl "180+1"]
[EndTime "8:31:48 PST"]
[Termination "JonaszBaum won by resignation"]

1. Nf3 Nf6 2. c4 e6 3. d4 d5 4. Bg5 h6 5. Bxf6 Qxf6 6. Nc3 Bb4 7. Qa4+ Nc6 8. cxd5 exd5 9. e3 O-O 10. Rc1 Rd8 11. Be2 Bf8 12. O-O a6 13. Qb3 Qd6 14.
Na4 Ne7 15. Nc5 b6 16. Nd3 Ng6 17. Rc2 Bb7 18. Rfc1 Rac8 19. Qa4 f6 20. b4 Ne7 21. a3 g5 22. Qb3 Kg7 23. Rb1 Rb8 24. Qc3 Rd7 25.
Nd2 Kg6 26. Rbc1 Ng8 27. Qb3 h5 28. Rc3 Rc8 29. Qd1 h4 30. Bh5+ Kh6 31. Bg4 Kg6 32.
Bxd7 Qxd7 33. Nf3 Bd6 34. h3 Qe7 35. Nh2 Nh6 36. Qf3 Kg7 37. Ng4 Nf7 38. Qf5 Re8 39.
Qf3 Qd7 40. Nh2 Qe7 41. Nb2 Qe6 42. Qg4 Qxg4 43. Nxg4 Re7 44. Nh2 Kg6 45. Nf3 Nd8 46. Nd3 Ne6 47. a4 Nd8 48. a5 Nf7 49. axb6 cxb6 50.
Nd2 Nd8 51. Nb3 Kf7 52. Kf1 Ke6 53. Ke2 Kd7 54. R3c2 Ne6 55. f3 Nd8 56. Kf2 Bc6 57.
Rc3 Bb5 58. Nd2 Bg3+ 59. Ke2 Ne6 60. Kd1 Nd8 61. Nf1 Bd6 62. Kd2 Nc6 63. Rb1 Bxd3 64. Rxd3 Nxb4 65. Rdb3 a5 66. Ke2 f5 67. Nd2 Kc6 68. Kf2 Kb5 69. Rc3 a4 70. Rc8 Bg3+ 71.
Ke2 a3 72. Ra8 a2 73. Rxa2 Bf4 74. Nf1 Bd6 75. Rab2 f4 76. Kf2 fxe3+ 77. Nxe3 Bg3+ 78. Ke2 Bd6 79. Kd2 Ka4 80. Nc2 Bf4+ 81. Kd1 Nxc2 82. Rxc2 Bd6 83. Ra2+ Ba3 84. Kd2 b5 85. Rc2 b4 86.
Rc5 b3 87. Rxd5 Bb4+ 88. Kd3 Ka3 89. Rb5 Rc7 90. d5 Rc3+ 91. Kd4 Rc2 92. Ke5 Re2+ 93. Kf6 Bc3+ 94. Kf7 b2 95. d6 Rd2 96. Ke7 Re2+ 97. Kf8 Rd2 98. Ke8 Ka2 99. R1xb2+ Bxb2 100. d7 Re2+ 101. Kf8 Ba3+ 102. Kg8 Rd2 103. Rb7 Bb2 104. Kf7 Bc3 105. Ke7 Ba5 106. Ra7 Re2+ 107. Kf7 Kb3 108. Rxa5 Rd2 109. Ke7 Re2+ 110. Kd6 Rxg2 111. d8=Q 1-0

[Event "Early-Titled-Tuesday-Blitz-February-20-2024"]
[Site "Chess.com"]
[Date "2024.02.20"]
[Round "4"]
[White "DefiantChair"]
[Black "ckgchess"]
[Result "0-1"]
[WhiteElo "2585"]
[BlackElo "2862"]
[TimeControl "180+1"]
[EndTime "8:34:00 PST"]
[Termination "ckgchess won by checkmate"]

1. e4 c5 2. Nf3 d6 3. d4 cxd4 4. Nxd4 Nf6 5. Nc3 e5 6. Bb5+ Nbd7 7. Nf5 a6 8. Bxd7+ Qxd7 9. Ne3 Be7 10. Ned5 Nxd5 11. Nxd5 Bd8 12. Be3 O-O 13. c3 b5 14. O-O Bb7 15. a4 f5 16. exf5 Qc6 17. axb5 axb5 18. Rxa8 Bxa8 19. f6 Qxd5 20. fxg7 Qxg2# 0-1

[Event "Early-Titled-Tuesday-Blitz-February-20-2024"]
[Site "Chess.com"]
[Date "2024.02.20"]
[Round "4"]
[White "picturesquecheck"]
[Black "bazar-wokzal"]
[Result "0-1"]
[WhiteElo "2430"]
[BlackElo "2688"]
[TimeControl "180+1"]
[EndTime "8:34:04 PST"]
[Termination "bazar-wokzal won by resignation"]

1. e4 Nc6 2. Nf3 d5 3. exd5 Qxd5 4. Nc3 Qa5 5. d4 Bg4 6. h3 Bxf3 7. Qxf3 O-O-O 8. Qxf7 e5 9. d5 Nd4 10. Bd3 Nf6 11.
O-O Rd7 0-1

[Event "Early-Titled-Tuesday-Blitz-February-20-2024"]
[Site "Chess.com"]
[Date "2024.02.20"]
[Round "4"]
[White "Brave_spirit12"]
[Black "ahmedkandiliii"]
[Result "1-0"]
[WhiteElo "2733"]
[BlackElo "2531"]
[TimeControl "180+1"]
[EndTime "8:34:32 PST"]
[Termination "Brave_spirit12 won by resignation"]

1. e4 e5 2. Nf3 Nc6 3. d4 exd4 4. Nxd4 Nf6 5. Nc3 Bb4 6. Nxc6 bxc6 7. Qd4 Qe7 8. f3 Bxc3+ 9. Qxc3 d5 10. Qxc6+ Kf8 11. Qxa8 Qe8 12. Bg5 dxe4 13. O-O-O exf3 14. gxf3 h6 15.
Bxf6 gxf6 16. Bb5 Qe3+ 17. Kb1 Kg7 18. Rhg1+ Kh7 19. Qe4+ 1-0

[Event "Early-Titled-Tuesday-Blitz-February-20-2024"]
[Site "Chess.com"]
[Date "2024.02.20"]
[Round "4"]
[White "Statham_01"]
[Black "AlexPapasimakopoulos"]
[Result "1-0"]
[WhiteElo "2564"]
[BlackElo "2756"]
[TimeControl "180+1"]
[EndTime "8:34:40 PST"]
[Termination "Statham_01 won by checkmate"]

1. e4 c5 2. Nc3 e6 3. Nf3 Nc6 4. d4 cxd4 5. Nxd4 Nf6 6. Nxc6 bxc6 7. e5 Nd5 8. Ne4 Ba6 9. c4 f5 10. cxd5 Bxf1 11. Nf6+ gxf6 12. Qh5+ Ke7 13. d6# 1-0

[Event "Early-Titled-Tuesday-Blitz-February-20-2024"]
[Site "Chess.com"]
[Date "2024.02.20"]
[Round "4"]
[White "Casper"]
[Black "LikeWater"]
[Result "0-1"]
[WhiteElo "2532"]
[BlackElo "2737"]
[TimeControl "180+1"]
[EndTime "8:35:07 PST"]
[Termination "LikeWater won by resignation"]

1. Nf3 e6 2. b3 b6 3. Bb2 Bb7 4. e3 Nf6 5. Be2 g6 6. O-O Bg7 7. c4 O-O 8. Nc3 d6 9. d4 Nbd7 10.
Rc1 c5 11. dxc5 Nxc5 12. b4 Nce4 13. Nxe4 Nxe4 14. Bxg7 Kxg7 15. Qd4+ Qf6 16. Rfd1 Rfd8 17. Bd3 d5 18. Bxe4 dxe4 19. Qxf6+ Kxf6 20. Nd4 a6 21. Kf1 e5 22. Nb3 Rac8 23. c5 bxc5 24. Nxc5 Bc6 25.
a4 Rxd1+ 26. Rxd1 Ke7 27. Rc1 Bxa4 28. Ke2 Bb5+ 29. Kd2 Rd8+ 30. Ke1 f5 31. Nb7 Rd7 32. Nc5 Rc7 33. Rd1 a5 0-1

[Event "Early-Titled-Tuesday-Blitz-February-20-2024"]
[Site "Chess.com"]
[Date "2024.02.20"]
[Round "4"]
[White "sotochess"]
[Black "DenLaz"]
[Result "0-1"]
[WhiteElo "2624"]
[BlackElo "3035"]
[TimeControl "180+1"]
[EndTime "8:35:23 PST"]
[Termination "DenLaz won by resignation"]

1. e4 c5 2. Nf3 e6 3. d4 cxd4 4.
Nxd4 Nc6 5. Nc3 Qc7 6. g3 a6 7. Bg2 Bc5 8. Nb3 Be7 9. O-O Nf6 10. Re1 O-O 11. Bg5 d6 12. Qd2 Ne5 13. Rad1 b5 14. Ne2 Bb7 15. f3 d5 16. exd5 Nc4 17.
Qc1 Nxd5 18. Bxe7 Qxe7 19. Ned4 Qc7 20. c3 Rfd8 21. f4 Qb6 22. Kh1 Rac8 23. Nd2 Nce3 24.
Bf3 Nxd1 25. Qxd1 b4 26. Qb3 bxc3 27. Qxb6 Nxb6 28. Bxb7 cxd2 29. Rd1 Rc1 0-1